 Dungeon Crawl Stone Soup version 0.23.2-30-g0e89c35649 (webtiles) character file.

Game seed: 17073176181789508306

994 Reshara the Ruffian (level 8, -6/66 HPs)
             Began as a Ghoul Fighter on June 21, 2019.
             Was an Initiate of Ru.
             Mangled by an orc warrior
             ... wielding a +0 halberd
              (10 damage)
             ... on level 5 of the Dungeon.
             The game lasted 00:18:15 (4926 turns).

Reshara the Ruffian (Ghoul Fighter)                 Turns: 4926, Time: 00:18:15

Health: -6/66      AC:  8    Str: 22    XL:     8   Next: 19%
Magic:  7/7        EV: 12    Int:  3    God:    Ru [......]
Gold:   245        SH: 11    Dex:  8    Spells: 7/7 levels left

rFire    . . .     SeeInvis .     - Unarmed
rCold    + + .     Gourm    .   b - +0 shield
rNeg     + + +     Faith    .   q - +0 ring mail
rPois    ∞         Spirit   .   C - +0 helmet
rElec    .         Reflect  +   (no cloak)
rCorr    .         Harm     .   l - +0 pair of gloves
MR       .....                  (no boots)
Stlth    ..........             p - +2 amulet of reflection
HPRegen  0.00/turn              e - ring of protection from cold
MPRegen  0.10/turn              n - +3 ring of evasion

@: rotting
A: rotting body, claws 1, carnivore, cold resistance 1, negative energy
resistance 3, inhibited regeneration, torment resistance, unbreathing
a: Sacrifice Artifice, Sacrifice Experience, Sacrifice Arcana, Reject
Sacrifices, Renounce Religion


You were on level 5 of the Dungeon.
You worshipped Ru.
Ru was noncommittal.
You were not hungry.

You visited 1 branch of the dungeon, and saw 5 of its levels.

You collected 245 gold pieces.

Inventory:

Hand Weapons
 r - a +0 club
 y - a cursed -1 quarterstaff
Armour
 b - a +0 shield (worn)
 l - a +0 pair of gloves (worn)
 q - a +0 ring mail (worn)
 C - a +0 helmet (worn)
Jewellery
 e - a ring of protection from cold (left hand)
 n - a +3 ring of evasion (right hand)
 p - a +2 amulet of reflection (around neck)
 w - an uncursed ring of ice
 B - an uncursed ring of attention
 G - an uncursed ring of fire
Wands
 x - a wand of flame (18)
 E - a wand of acid (11)
Scrolls
 g - 2 scrolls of magic mapping {unknown}
 h - 3 scrolls of enchant weapon {unknown}
 j - a scroll of fog {unknown}
 k - 4 scrolls of remove curse
 m - a scroll of noise {unknown}
 s - 3 scrolls of fear {unknown}
 t - 6 scrolls of identify {unknown}
 v - a scroll of immolation {unknown}
Potions
 a - a potion of flight {unknown}
 c - 2 potions of might
 f - a potion of invisibility {unknown}
 i - a potion of ambrosia {unknown}
 o - 2 potions of haste {unknown}
 u - a potion of cancellation {unknown}
 z - a potion of heal wounds {unknown}
 A - a potion of curing {unknown}
 D - a potion of degeneration {unknown}
Comestibles
 d - 11 rations


   Skills:
 + Level 4.0 Fighting
 + Level 4.3 Armour
 + Level 2.3 Dodging
 + Level 5.0 Shields
 + Level 6.7 Unarmed Combat


You had 7 spell levels left.
You didn't know any spells.
Your spell library was empty.

Dungeon Overview and Level Annotations

Branches:
Dungeon (5/15)
 Temple: D:4-7

Altars:
Fedhas
Kikubaaqudgha
Ru
Uskayaw

Annotations:
D:5 1 runed translucent door, kalagan's ghost, novice DESu


Innate Abilities, Weirdness & Mutations

Your body is rotting away.
You thrive on raw meat.
You are immune to poison.
You have sharp fingernails.
You are carnivorous and can eat meat at any time.
Your flesh is cold resistant. (rC+)
You are immune to negative energy. (rN+++)
You do not regenerate when monsters are visible.
You are immune to unholy pain and torment.
You can survive without breathing.


Message History

You hit the orc warrior but do no damage.
The orc warrior is heavily wounded.
The orc warrior closely misses you. You block the orc's attack.
You closely miss the orc warrior.
The orc warrior is heavily wounded.
You block the orc warrior's attack. The orc closely misses you.
You hit the orc warrior.
The orc warrior is heavily wounded.
The orc warrior closely misses you. The orc hits you but does no damage.
You hit the orc warrior.
The orc warrior is almost dead.
The orc hits you from afar with a +0 trident.
The orc closely misses you.
You barely miss the orc warrior.
The orc warrior is almost dead.
The orc warrior hits you with a +0 halberd!
* * * LOW HITPOINT WARNING * * *
The orc hits you but does no damage.
The orc warrior hits you from afar with a +0 halberd!
You die...

#.# #.# ############
#.# ...........# #.#
#.# ###.#.####.#
#.##### ## #.#
#.#.####.###...... .#
#.#
###o#...........####
.####### #.#
#....o.###.##...##
.......# #.#
#.#@#.####.#.....#
.#####.# #>#
#.#........##...##
...# #.#
#.###.###.########.##
.#.# #.# #.....)...#
#.# .#.###.#
##.##.###.# #.#
.......# #.##.###.#
##'## .#.#####
#.##.....# ##...##
##....# #.#####..#
##.....## #....#
#.#####..#
##.......##


You could see an orc warrior and an orc.

Vanquished Creatures
  A phantom (D:5)
  An ogre (D:5)
  A centaur (D:4)
  A scorpion (D:4)
  2 crimson imps (D:5)
  2 bullfrog zombies (D:5)
  3 hounds (D:4)
  2 orc priests
  3 orc wizards
  A bullfrog skeleton (D:4)
  A centaur skeleton (D:5)
  An iguana (D:4)
  2 worker ants
  A hound skeleton (D:5)
  3 adders
  4 gnolls (D:5)
  A shadow imp (D:5)
  An ooze (D:1)
  6 worms
  A dart slug (D:1)
  3 leopard geckos (D:1)
  7 orcs
  9 bats
  3 giant cockroaches
  13 hobgoblins
  15 jackals
  2 quokkas
  2 frilled lizards
  A goblin (D:1)
  12 kobolds
  2 rats
107 creatures vanquished.

Vanquished Creatures (others)
  An orc (D:3)
  2 withered plants (D:5)
3 creatures vanquished.

Grand Total: 110 creatures vanquished

Notes
Turn   | Place    | Note
-------+----------+-------------------------------------------
     0 | D:1      | Reshara the Ghoul Fighter began the quest for the Orb.
     0 | D:1      | Reached XP level 1. HP: 19/19 MP: 0/0
   106 | D:1      | Reached XP level 2. HP: 23/26 MP: 1/1
   200 | D:1      | Reached XP level 3. HP: 33/33 MP: 2/2
  1119 | D:2      | Found a sacrificial altar of Ru.
  1134 | D:2      | Reached XP level 4. HP: 34/37 MP: 3/3
  1236 | D:2      | Reached skill level 3 in Unarmed Combat
  1434 | D:2      | Found an ancient bone altar of Kikubaaqudgha.
  1438 | D:2      | Found a blossoming altar of Fedhas.
  1731 | D:2      | Became a worshipper of Ru the Awakened
  1815 | D:3      | Reached XP level 5. HP: 15/46 MP: 4/4
  2364 | D:3      | Noticed a +0 dagger
  2364 | D:3      | Noticed a -1 hand axe
  2662 | D:3      | Found a hide-covered altar of Uskayaw.
  2810 | D:4      | Reached skill level 4 in Unarmed Combat
  2896 | D:4      | Reached skill level 1 in Dodging
  2943 | D:4      | Reached XP level 6. HP: 35/52 MP: 5/5
  3241 | D:4      | Reached skill level 5 in Unarmed Combat
  3423 | D:4      | Reached XP level 7. HP: 35/57 MP: 6/6
  3804 | D:5      | Entered Level 5 of the Dungeon
  4345 | D:5      | Reached skill level 6 in Unarmed Combat
  4479 | D:5      | Reached XP level 8. HP: 36/63 MP: 7/7
  4531 | D:5      | Found a runed translucent door.
  4534 | D:5      | Noticed kalagan's ghost (novice DESu)
  4658 | D:5      | Reached skill level 5 in Shields
  4926 | D:5      | Mangled by an orc warrior

Skill      XL: |  1  2  3  4  5  6  7  8 |
---------------+-------------------------+-----
Shields        | 3 4 5 |  5.0
Armour         | 3 4 |  4.3
Unarmed Combat | 3 4 5 6 |  6.7
Dodging        | 1 2 |  2.3
Fighting       | 4 |  4.0

Action                   |  1- 3 |  4- 6 |  7- 9 || total
-------------------------+-------+-------+-------++-------
Melee: Unarmed           |   123 |   318 |   191 ||   632
  Use: Scroll            |       |     1 |     1 ||     2
  Eat: Chunk             |     6 |    10 |     9 ||    25
Armor: Scale mail        |    52 |       |       ||    52
       Ring mail         |     3 |    71 |    41 ||   115
Dodge: Dodged            |    47 |   125 |    56 ||   228
Block: Shield            |    76 |   183 |    90 ||   349
       Reflection        |       |     4 |       ||     4
